Map: Echo LE (Void)

Players

Semper - Winner!

  • Race: Terran Terran
  • League: Grandmaster
  • Spawn Location: 5:00

llllllllllll (Zest)

  • Race: Protoss Protoss
  • League: Master
  • Spawn Location: 11:00

Event: NationWars IV

VOD

Have the link to the VOD?

Description

Time

  • Played on: Jan. 4, 2017, 3:32 p.m.
  • Length: 19:08
Show
View Real Time Build Order
Export as new Build Order

Semper Terran - Winner!

Build Orders: Liberator Opening, Reaper Expand, MMM Bio 

Get SALT Encoding   

  12  0:00  SCV  
  13  0:12  SCV  
  14  0:17  Supply Depot  
  14  0:24  SCV  
  14  0:28  Refinery  
  15  0:39  SCV  
  16  0:44  Barracks  
  16  0:51  SCV  
  17  1:03  SCV  
  18  1:15  SCV  
  19  1:31  Reaper  
  20  1:33  Orbital Command  
  20  1:44  Command Center  
  20  1:55  Factory  
  20  1:59  SCV  
  21  2:04  Refinery  
  21  2:06  Barracks Reactor  
  21  2:11  SCV  
  22  2:16  Supply Depot  
  22  2:23  SCV  
  23  2:37  SCV  
  23  2:39  Widow Mine  
  23  2:42  Starport  
  23  2:44  Marine x2  
  27  2:49  SCV  
  29  2:55  Orbital Command  
  28  3:01  Marine x2, SCV  
  31  3:08  Widow Mine  
  33  3:13  SCV  
  33  3:19  Marine  
  35  3:24  SCV  
  35  3:26  Marine  
  37  3:30  Medivac  
  37  3:32  Supply Depot, SCV  
  40  3:37  Marine  
  40  3:39  SCV  
  42  3:41  Factory Tech Lab  
  42  3:44  Marine  
  42  3:45  SCV  
  44  3:48  Liberator  
  44  3:51  SCV  
  44  3:55  Marine, Supply Depot  
  46  3:58  SCV  
  46  4:02  Marine  
  48  4:04  Siege Tank  
  54  4:17  SCV x2  
  56  4:18  Supply Depot  
  56  4:20  Engineering Bay  
  56  4:21  Marine x2  
  58  4:25  Barracks  
  58  4:29  SCV  
  59  4:32  SCV  
  59  4:37  Bunker  
  60  4:39  Siege Tank  
  63  4:50  SCV  
  63  4:54  Medivac  
  63  4:56  SCV  
  63  4:57  Supply Depot  
  63  4:58  Supply Depot  
  66  5:00  Missile Turret  
  66  5:05  Marine x2, SCV  
  69  5:10  SCV  
  69  5:11  Refinery  
  69  5:12  Terran Infantry Weapons Level 1  
  70  5:18  Barracks  
  70  5:20  Supply Depot  
  70  5:26  SCV  
  70  5:27  SCV  
  72  5:30  Marine x2, Stimpack  
  72  5:31  Factory Tech Lab  
  74  5:38  SCV  
  74  5:39  SCV  
  74  5:42  Supply Depot  
  76  5:50  SCV  
  76  5:51  Refinery  
  76  5:52  SCV  
  76  5:54  Marine  
  76  5:55  Marine  
  77  5:57  Starport Reactor  
  77  6:02  SCV  
  77  6:03  Factory Reactor  
  79  6:04  SCV  
  79  6:06  Supply Depot  
  73  6:13  Command Center  
  73  6:14  SCV  
  73  6:15  Marauder  
  73  6:18  Marauder  
  78  6:20  Combat Shields  
  78  6:21  Marine  
  78  6:22  SCV  
  80  6:30  Supply Depot  
  80  6:31  SCV  
  81  6:35  Medivac  
  81  6:38  Medivac  
  85  6:40  Widow Mine x2  
  85  6:45  Marauder x2, Marine  
  85  6:46  Marine, SCV x2  
  97  6:53  Supply Depot  
  97  6:54  Liberator  
  97  6:57  Liberator  
  97  6:58  Missile Turret, SCV  
  97  6:59  Missile Turret  
  98  7:09  Marine  
  98  7:10  Marauder, Marine, Widow Mine x2  
  112  7:17  SCV  
  112  7:20  SCV  
  114  7:25  Terran Infantry Armor Level 1  
  114  7:27  Barracks  
  114  7:29  SCV  
  115  7:32  SCV  
  116  7:41  Marauder, Missile Turret, Marine, SCV  
  116  7:44  Orbital Command, SCV, Liberator x2  
  120  7:47  Marine x2, Widow Mine  
  120  7:48  Widow Mine  
  127  7:56  SCV  
  127  7:59  SCV  
  127  8:00  Marine  
  127  8:02  Marauder  
  127  8:05  Marine  
  138  8:07  Barracks  
  138  8:13  SCV  
  138  8:14  Supply Depot, SCV x2  
  138  8:15  Supply Depot  
  138  8:16  Refinery  
  138  8:17  Barracks Tech Lab, Refinery  
  140  8:27  Concussive Shells  
  140  8:28  Liberator x2  
  140  8:29  Marine  
  140  8:33  Starport  
  141  8:35  Marine, Widow Mine x2  
  141  8:36  Marauder x2  
  150  8:43  Marine  
  157  8:53  Supply Depot  
  157  8:54  Marine x2, Supply Depot x3  
  159  8:56  Armory  
  159  8:57  Marauder, Engineering Bay  
  159  9:02  Marauder  
  163  9:11  Marine  
  164  9:18  Marine x2  
  164  9:19  Marauder, Barracks Reactor  
  164  9:21  Starport Tech Lab  
  166  9:25  Fusion Core  
  166  9:26  Command Center, Liberator x2  
  166  9:27  Supply Depot  
  166  9:28  Marine  
  166  9:30  Marauder  
  169  9:36  Marine x2  
  170  9:41  Viking  
  178  9:51  Supply Depot  
  178  9:56  Liberator  
  171  10:03  Marine x2  
  171  10:04  Marauder  
  174  10:08  Liberator  
  174  10:14  Marine x3  
  155  10:15  Marauder  
  155  10:21  Marine  
  149  10:23  Marine  
  149  10:25  Marauder  
  149  10:26  Viking  
  158  10:32  Marine  
  158  10:34  Terran Infantry Weapons Level 2, Terran Infantry Armor Level 2  
  157  10:43  Liberator  
  152  10:50  Marine x2  
  152  10:51  Marauder, Marine x2  
  152  10:52  Marauder  
  148  10:58  Marine  
  148  11:00  Liberator  
  155  11:07  Marine  
  155  11:08  Marine  
  147  11:12  Marauder  
  147  11:13  Marauder  
  147  11:14  Marine x2  
  147  11:16  Marauder  
  158  11:18  Advanced Ballistics  
  158  11:21  Medivac  
  158  11:25  Marine  
  157  11:26  Marine  
  157  11:32  Marine x2  
  161  11:33  Marauder, Liberator  
  161  11:34  Liberator  
  161  11:35  Marauder  
  165  11:49  Marine  
  165  11:52  Marine  
  165  11:53  Marauder, Marine  
  176  11:57  Marine  
  176  11:58  Marauder, Marine  
  176  12:00  Medivac  
  176  12:07  Marine  
  176  12:10  Barracks  
  176  12:16  Marine  
  177  12:25  Marine x2  
  177  12:26  Marauder, Marine x3  
  180  12:30  Viking  
  180  12:33  Viking  
  180  12:34  Marine  
  183  12:43  Marine x2  
  187  12:44  Marauder  
  187  12:45  Widow Mine x2  
  159  12:59  Marine x4  
  159  13:01  Marine  
  163  13:14  Marine  
  163  13:15  Marauder  
  163  13:16  Marine, Widow Mine x2  
  168  13:34  Medivac x2  
  161  13:36  Missile Turret  
  161  13:38  Missile Turret  
  157  13:45  Marine  
  157  13:46  Marauder x2, Liberator x2  
  159  13:54  Marine  
  121  13:56  Marauder  
  129  14:12  Orbital Command  
  129  14:36  Command Center  
  128  14:56  Liberator x2  
  128  15:01  Marine x2  
  128  15:02  Marauder  
  132  15:08  Marine  
  132  15:09  Marine x3  
  142  15:18  Supply Depot x2  
  142  15:27  Marine  
  143  15:29  SCV  
  143  15:33  Marine  
  143  15:35  Missile Turret  
  145  15:39  Marine  
  145  15:40  Marauder  
  147  15:50  Marine  
  147  15:52  Marine  
  147  15:53  Marine  
  140  16:18  Marine x3  
  143  16:19  Marauder  
  147  16:30  Medivac x2  
  142  16:35  SCV x2  
  144  16:47  Marine  
  144  16:48  Marauder, Marine  
  148  16:56  Liberator  
  148  17:00  Marine, Medivac  
  140  17:13  Marine, Liberator  
  139  17:23  SCV  
  139  17:29  SCV  
  138  17:35  SCV  
  142  17:42  Marine x2  
  142  17:43  Marauder  
  142  18:04  Planetary Fortress  
  142  18:07  Missile Turret  
  142  18:08  Marine x2  
  142  18:09  Marauder  
  146  18:18  Marine  
Show
View Real Time Build Order
Export as new Build Order

llllllllllll Protoss 

Build Orders: 1 Gate Expand, Blink Stalkers 

Get SALT Encoding   

  12  0:00  Probe (Chrono Boost)  
  13  0:11  Probe (Chrono Boost)  
  14  0:18  Pylon  
  14  0:22  Probe (Chrono Boost)  
  15  0:36  Probe (Chrono Boost), Gateway  
  16  0:46  Probe (Chrono Boost)  
  16  0:47  Assimilator  
  18  0:57  Probe (Chrono Boost)  
  18  1:07  Probe (Chrono Boost)  
  19  1:20  Nexus  
  19  1:31  Cybernetics Core  
  20  1:33  Probe (Chrono Boost)  
  20  1:39  Assimilator  
  20  1:43  Probe (Chrono Boost)  
  21  1:48  Pylon  
  21  1:54  Probe (Chrono Boost)  
  22  2:07  Mothership Core (Chrono Boost)  
  24  2:10  Warp Gate  
  24  2:15  Adept  
  26  2:26  Probe (Chrono Boost)  
  27  2:34  Probe (Chrono Boost), Robotics Facility  
  27  2:36  Probe (Chrono Boost)  
  29  2:42  Stalker  
  31  2:45  Probe (Chrono Boost)  
  31  2:49  Probe (Chrono Boost)  
  33  2:57  Probe (Chrono Boost)  
  34  2:59  Probe (Chrono Boost)  
  34  3:03  Twilight Council  
  35  3:07  Probe (Chrono Boost)  
  35  3:11  Probe (Chrono Boost)  
  37  3:18  Probe (Chrono Boost)  
  38  3:22  Probe (Chrono Boost)  
  39  3:28  Probe (Chrono Boost)  
  39  3:30  Stalker  
  39  3:31  Observer  
  39  3:32  Probe (Chrono Boost)  
  42  3:35  Gateway  
  42  3:36  Gateway  
  42  3:39  Probe (Chrono Boost)  
  43  3:44  Pylon  
  43  3:45  Pylon  
  43  3:46  Probe (Chrono Boost)  
  44  3:49  Probe (Chrono Boost)  
  44  3:51  Blink  
  44  3:53  Observer  
  48  4:02  Assimilator  
  48  4:04  Probe x2 (Chrono Boost)  
  48  4:06  Assimilator  
  48  4:16  Probe x2 (Chrono Boost)  
  50  4:17  Stalker  
  52  4:27  Observer  
  52  4:28  Probe x2 (Chrono Boost)  
  55  4:31  Pylon  
  57  4:40  Probe x2 (Chrono Boost), Stalker x2  
  61  4:52  Probe x2 (Chrono Boost)  
  62  5:03  Robotics Bay  
  62  5:04  Probe x2 (Chrono Boost)  
  62  5:06  Immortal  
  64  5:08  Nexus  
  64  5:11  Pylon  
  68  5:23  Stalker  
  70  5:30  Pylon  
  70  5:33  Stalker  
  70  5:34  Stalker  
  74  5:45  Disruptor  
  74  5:48  Probe x2 (Chrono Boost)  
  75  5:56  Sentry x2  
  84  6:04  Probe x2 (Chrono Boost)  
  84  6:14  Gateway x2  
  84  6:16  Probe (Chrono Boost)  
  84  6:17  Probe (Chrono Boost), Gateway  
  86  6:19  Disruptor, Forge  
  86  6:20  Pylon  
  86  6:22  Probe (Chrono Boost)  
  90  6:28  Probe (Chrono Boost)  
  90  6:29  Probe (Chrono Boost)  
  90  6:32  Resonating Glaives  
  92  6:33  Probe (Chrono Boost)  
  92  6:39  Protoss Ground Weapons Level 1  
  95  6:41  Probe x2 (Chrono Boost)  
  95  6:44  Stalker x3  
  101  6:51  Pylon  
  101  6:52  Disruptor, Assimilator  
  101  6:54  Assimilator  
  101  6:58  Pylon  
  101  6:59  Probe (Chrono Boost)  
  101  7:00  Probe (Chrono Boost)  
  101  7:01  Probe (Chrono Boost)  
  107  7:02  Photon Cannon  
  107  7:06  Pylon  
  107  7:09  Extended Thermal Lance  
  110  7:16  Probe (Chrono Boost)  
  110  7:17  Probe x2 (Chrono Boost)  
  110  7:23  Pylon  
  110  7:24  Colossus  
  110  7:27  Gateway  
  110  7:28  Gateway  
  110  7:29  Photon Cannon  
  116  7:42  Robotics Facility  
  116  7:50  Gateway  
  116  7:53  Gateway  
  116  8:00  Probe x3 (Chrono Boost)  
  116  8:02  Pylon  
  116  8:03  Pylon  
  119  8:08  Adept x6  
  119  8:10  Colossus  
  130  8:17  Pylon  
  136  8:20  Protoss Ground Weapons Level 2  
  136  8:26  Colossus  
  136  8:32  Nexus  
  142  8:42  Pylon  
  142  8:49  Forge  
  142  8:54  Photon Cannon  
  142  9:00  Colossus  
  140  9:02  Observer Gravitic Boosters  
  140  9:03  Stalker  
  140  9:04  Stalker x3  
  154  9:14  Protoss Ground Armor Level 1  
  154  9:17  Observer  
  155  9:36  Adept x8, Colossus  
  177  9:58  Stalker x3  
  164  10:18  Stalker  
  164  10:19  Stalker x6  
  169  10:24  Colossus  
  171  10:39  Pylon  
  171  10:40  Pylon  
  157  11:01  Stalker x5  
  157  11:02  Zealot x2, Stalker x3  
  168  11:16  Probe (Chrono Boost)  
  168  11:17  Probe x2 (Chrono Boost)  
  171  11:23  Observer  
  172  11:26  Observer  
  173  11:34  Nexus  
  172  11:43  Pylon  
  172  11:45  Pylon  
  161  11:59  Stalker x6  
  147  12:52  Adept  
  147  12:53  Adept  
  145  13:04  Pylon x2  
  145  13:05  Pylon  
  145  13:07  Pylon  
  145  13:09  Pylon  
  137  13:23  Adept x2  
  137  13:24  Adept x5  
  137  13:42  Assimilator  
  137  13:45  Assimilator  
  125  14:08  Cybernetics Core  
  124  14:56  Stalker  
  126  15:00  Pylon  
  125  15:17  Nexus, Stalker  
  125  15:18  Stalker x3  
  125  15:19  Pylon  
  133  15:34  Probe (Chrono Boost)  
  119  16:40  Probe (Chrono Boost)  
  96  17:29  Probe (Chrono Boost)  
  93  17:36  Cybernetics Core  
  91  17:40  Probe (Chrono Boost)  
  91  17:50  Probe (Chrono Boost)  
  82  18:01  Probe (Chrono Boost)  
  83  18:12  Probe (Chrono Boost)  
  84  18:16  Stalker x3  
  84  18:17  Stalker x2  
Tags
 
Add a new tag
Caveats
  • Supply blocks, unpowered buildings, or Contaminate may cause inaccurate times.
  • Supply counts are checked every 10 seconds.